 Dungeon Crawl Stone Soup version 0.19.0-16-g73b5abf (webtiles) character file.

39426 Gargoyl the Corrupter of Planes (level 13, -5/98 HPs)
             Began as a Demonspawn Abyssal Knight on Nov 10, 2016.
             Was the Champion of Lugonu.
             Slain by a spiny frog (8 damage)
             ... on level 6 of the Lair of Beasts on Nov 11, 2016.
             The game lasted 00:44:56 (24749 turns).

Gargoyl the Corrupter of Planes (DsAK)             Turns: 24749, Time: 00:44:56

Health: -5/98      AC: 30    Str: 17    XL:     13   Next: 69%
Magic:  23/23      EV:  2    Int: 15    God:    Lugonu [******]
Gold:   624        SH:  0    Dex: 19    Spells: 0 memorised, 12 levels left

rFire  . . .     SeeInvis .     i - +0 war axe (elec)
rCold  . . .     Gourm    .     u - +4 chain mail
rNeg   + + +     Faith    .     t - +0 large shield
rPois  ∞         Spirit   .     (no helmet)
rElec  .         Reflect  .     a - +2 cloak {MR+}
rCorr  .         Harm     .     x - +2 pair of gloves
MR     +....                    b - +0 pair of boots
Stlth  +++++.....               (no amulet)
                                E - ring of positive energy
                                k - +3 ring of evasion

@: agile, petrified, sanguine armour
A: hooves 1, camouflage 3, agile 1, nightstalker 2, powered by pain 2, sanguine
armour 1
a: Depart the Abyss, Bend Space, Banish, Corrupt, Enter the Abyss, Brand Weapon
With Distortion, Renounce Religion


You were on level 6 of the Lair of Beasts.
You worshipped Lugonu.
Lugonu was exalted by your worship.
You were not hungry.

You visited 2 branches of the dungeon, and saw 16 of its levels.
You visited the Abyss 1 time.
You also visited: Labyrinth and Sewer.

You collected 852 gold pieces.
You spent 228 gold pieces at shops.

Inventory:

Hand Weapons
 h - the +0 trident of Disintegration {pierce, rElec}
   (You found it on level 5 of the Dungeon)

   It inflicts extra damage upon your enemies.
   It insulates you from electricity.
 i - a +0 war axe of electrocution (weapon)
 s - a +5 hand axe of venom
 L - a +2 war axe of flaming
Missiles
 p - 6 javelins (quivered)
Armour
 a - a +2 cloak of magic resistance (worn)
 b - a +0 pair of boots (worn)
 t - a +0 large shield (worn)
 u - a +4 chain mail (worn)
 x - a +2 pair of gloves (worn)
Rods
 q - a +5 rod of ignition (13/13)
   (You took it off a minotaur in a labyrinth)
 D - a +2 rod of inaccuracy (9/9)
   (You found it in a labyrinth)
Jewellery
 e - an uncursed ring of resist corrosion
 k - a +3 ring of evasion (left hand)
 E - a ring of positive energy (right hand)
 Q - a cursed ring of see invisible
Wands
 j - a wand of disintegration (24/24)
 v - a wand of disintegration (5/24)
 G - a wand of random effects (16/48)
 H - a wand of flame (35/48)
 J - a wand of paralysis (17/24)
 M - a wand of random effects (27/48)
 U - a wand of flame (39/48)
Scrolls
 l - 5 scrolls of teleportation
 n - 2 scrolls of fear
 y - 2 scrolls of remove curse
 z - 2 scrolls of recharging
 C - a scroll of fog
 I - 4 scrolls of blinking
 R - a scroll of brand weapon
 W - a scroll of magic mapping
 X - a scroll of amnesia
Potions
 m - a potion of might
 o - a potion of degeneration {unknown}
 B - a potion of berserk rage {unknown}
 F - a potion of resistance
 K - 5 potions of curing
 O - a potion of agility
 V - a potion of heal wounds
Books
 w - a book of Minor Magic

   Spells                             Type                      Level
   a - Magic Dart                     Conjuration                  1
   b - Blink                          Translocation                2
   c - Call Imp                       Summoning                    2
   d - Repel Missiles                 Charms/Air                   2
   e - Slow                           Hexes                        2
   f - Conjure Flame                  Conjuration/Fire             3
   g - Mephitic Cloud                 Conjuration/Poison/Air       3
 N - a book of Air

   Spells                             Type                      Level
   a - Shock                          Conjuration/Air              1
   b - Swiftness                      Charms/Air                   2
   c - Repel Missiles                 Charms/Air                   2
   d - Static Discharge               Conjuration/Air              3
   e - Lightning Bolt                 Conjuration/Air              5
 P - a Young Poisoner's Handbook

   Spells                             Type                      Level
   a - Sting                          Conjuration/Poison           1
   b - Mephitic Cloud                 Conjuration/Poison/Air       3
   c - Olgreb's Toxic Radiance        Poison                       4
   d - Alistair's Intoxication        Transmutation/Poison         5
   e - Venom Bolt                     Conjuration/Poison           5
 S - a book of Flames

   Spells                             Type                      Level
   a - Flame Tongue                   Conjuration/Fire             1
   b - Throw Flame                    Conjuration/Fire             2
   c - Conjure Flame                  Conjuration/Fire             3
   d - Inner Flame                    Hexes/Fire                   3
   e - Sticky Flame                   Conjuration/Fire             4
   f - Fireball                       Conjuration/Fire             5
 Y - a book of Necromancy

   Spells                             Type                      Level
   a - Pain                           Necromancy                   1
   b - Animate Skeleton               Necromancy                   1
   c - Vampiric Draining              Necromancy                   3
   d - Regeneration                   Charms/Necromancy            3
   e - Animate Dead                   Necromancy                   4
   f - Control Undead                 Necromancy                   4
Comestibles
 c - 11 bread rations
 d - 2 royal jellies
 f - 5 meat rations
 g - 5 beef jerkies
 r - a fruit
 A - 6 slices of pizza
 T - a chunk of flesh


   Skills:
 + Level 8.1 Fighting
 + Level 10.8(11.1) Axes
 + Level 4.1(8.1) Polearms
 + Level 0.6 Throwing
 * Level 11.2 Armour
 + Level 3.3 Dodging
 + Level 9.1 Shields
 * Level 13.4 Invocations


You had 12 spell levels left.
You didn't know any spells.

Dungeon Overview and Level Annotations

Branches:
Dungeon (10/15)            Temple (0/1) D:7            Lair (6/6) D:10
 Shoals (0/4) Lair:2       Spider (0/4) Lair:3
  Slime: Lair:5-6       Orc: D:9-12

Altars:
Gozag
Makhleb
Uskayaw

Shops:
D:10 (

Annotations:
Abyss:1 Psyche, Sonja


Innate Abilities, Weirdness & Mutations

You have large cloven feet.
You are significantly more attuned to the shadows.
You sometimes gain power by taking damage.
When seriously injured, your bleeding wounds create armour. (AC +6)
Your skin perfectly mimics your surroundings (Stealth+++).
You are agile. (Dex +2)


Message History

The spiny frog stings you but does no damage.
Your limbs are stiffening.
You hit the spiny frog but do no damage.
The spiny frog is moderately wounded.
You are engulfed in calcifying dust.
Your limbs have turned to stone.
The spiny frog stings you!
* * * LOW HITPOINT WARNING * * *
The spiny frog closely misses you.
You have turned to stone.
You are engulfed in calcifying dust.
The spiny frog stings you!
* * * LOW HITPOINT WARNING * * *
You are engulfed in calcifying dust.
The spiny frog stings you but does no damage.
The spiny frog stings you!
* * * LOW HITPOINT WARNING * * *
The spiny frog stings you but does no damage. x2
The spiny frog stings you!!
* * * LOW HITPOINT WARNING * * *
The spiny frog stings you but does no damage. x2
The spiny frog stings you!
You die...

#.P.# #..P# ..... #...
##..# #...# ...P#
##..## #...##.....
#...P## ###...P.#P..
###.....# #...........
.#P..#######..........
.....PP........††.....
..†............F@.....
.##...................
###........#...!......
#.....†###...........
##....## #.#P........
##..## ###.........
....


You could see a spiny frog.

Vanquished Creatures
  A minotaur (Lab)
  Harold (Lair:4)
  The ghost of Millan the Cleaver, a journeyman GrFi of Ashenzari (D:10)
  3 hydras
  A catoblepas (Lair:6)
  4 death yaks (Lair:5)
  A fire crab (Lair:4)
  An ugly thing (D:10)
  4 elephants (Lair:4)
  7 spiny frogs
  2 torpor snails
  4 rime drakes
  3 komodo dragons
  2 polar bears
  2 trolls
  A hornet (D:10)
  5 slime creatures (D:9)
  3 two-headed ogres
  Prince Ribbit (D:7)
  24 blink frogs
  A meliai zombie (D:9)
  4 hippogriffs
  A tarantella (Lair:3)
  34 yaks
  2 wyverns
  5 wraiths (D:9)
  A basilisk (Lair:4)
  A human (D:8)
  4 hogs (D:8)
  The ghost of Gargoyl the Covered, an amateur DsAK of Lugonu (D:4)
  3 vampire mosquitoes (D:9)
  A soldier ant (D:10)
  14 water moccasins
  9 porcupines
  A hornet zombie (D:10)
  3 orc warriors
  Purgy (Sewer)
  2 sky beasts
  2 black bears
  2 ice beasts
  2 phantoms
  7 ogres
  8 wolves
  7 centaurs
  9 crocodiles
  7 bullfrogs
  2 gnoll sergeants
  6 scorpions
  A water moccasin skeleton (D:5)
  5 wights (D:10)
  3 howler monkeys
  5 electric eels (D:7)
  5 crimson imps
  2 centaur zombies
  A quasit (D:8)
  2 jellies
  7 hounds
  Crazy Yiuf (D:5)
  2 centaur skeletons
  6 orc priests
  16 orc wizards
  3 iguanas
  4 hell rats (Lair:5)
  6 worker ants
  A hound zombie (D:5)
  2 worker ant zombies
  10 gnolls
  13 adders
  3 river rats
  2 shadow imps
  An ooze (D:1)
  2 adder zombies
  4 adder skeletons
  5 worms
  2 dart slugs
  5 leopard geckos
  49 orcs
  9 giant cockroaches
  4 goblins
  5 hobgoblins
  9 jackals
  15 kobolds
  8 quokkas
  4 ball pythons
  20 bats
  8 frilled lizards
  15 rats
  7 fungi
  3 plants
486 creatures vanquished.

Vanquished Creatures (others)
  A basilisk (Lair:4)
  A centaur (D:9)
  An electric eel (D:7)
  2 bushes (Lair:5)
  22 fungi
  21 plants
48 creatures vanquished.

Grand Total: 534 creatures vanquished

Notes
Turn   | Place    | Note
-------+----------+-------------------------------------------
     0 | Abyss:1  | Gargoyl the Demonspawn Abyssal Knight began the quest for the Orb.
     0 | Abyss:1  | Reached XP level 1. HP: 18/18 MP: 2/2
   206 | Abyss:2  | Noticed a raiju
   206 | Abyss:2  | Noticed a raiju
   206 | Abyss:2  | Noticed a raiju
   206 | Abyss:2  | Noticed a raiju
   207 | D:1      | Escaped the Abyss
   331 | D:1      | Gained mutation: You sometimes gain a little power by taking damage. [demonic ancestry]
   331 | D:1      | Reached XP level 2. HP: 17/24 MP: 4/4
   441 | D:1      | Reached * piety under Lugonu
   488 | D:1      | Reached skill level 3 in Invocations
   637 | D:1      | Reached skill level 1 in Dodging
   735 | D:1      | Reached XP level 3. HP: 26/29 MP: 5/5
  1652 | D:2      | Gained mutation: You sometimes gain power by taking damage. [demonic ancestry]
  1652 | D:2      | Reached XP level 4. HP: 26/35 MP: 6/6
  2108 | D:3      | Reached skill level 4 in Invocations
  2269 | D:3      | Reached ** piety under Lugonu
  2646 | D:4      | Reached XP level 5. HP: 28/41 MP: 8/8
  2765 | D:4      | Noticed an ogre
  2779 | D:4      | Killed an ogre
  3258 | D:4      | Noticed Gargoyl's ghost (amateur DsAK)
  3459 | D:4      | Gained mutation: You are slightly more attuned to the shadows. [demonic ancestry]
  3459 | D:4      | Reached XP level 6. HP: 24/48 MP: 9/9
  4090 | D:4      | Killed Gargoyl's ghost
  4090 | D:4      | Reached skill level 1 in Polearms
  4090 | D:4      | Reached skill level 5 in Invocations
  4274 | D:4      | Gained mutation: You have large cloven feet. [demonic ancestry]
  4274 | D:4      | Reached XP level 7. HP: 46/54 MP: 10/10
  5163 | D:5      | Entered Level 5 of the Dungeon
  5189 | D:5      | Reached *** piety under Lugonu
  5189 | D:5      | Reached skill level 6 in Invocations
  5679 | D:5      | Found an opulent altar of Gozag.
  5802 | D:5      | Got a pitted trident
  5803 | D:5      | Identified the cursed +0 trident of Disintegration {pierce, rElec} (You found it on level 5 of the Dungeon)
  5880 | D:5      | Reached XP level 8. HP: 61/61 MP: 12/12
  5982 | D:5      | Reached skill level 5 in Armour
  5982 | D:5      | Reached skill level 1 in Shields
  6567 | D:5      | Reached skill level 5 in Axes
  6798 | D:5      | Found a runed door.
  6802 | D:5      | Noticed Crazy Yiuf
  6809 | D:5      | Killed Crazy Yiuf
  6911 | D:6      | Reached **** piety under Lugonu
  6950 | D:6      | Found a glowing drain.
  6967 | Sewer    | Entered a sewer
  7018 | Sewer    | Noticed Purgy
  7030 | Sewer    | Killed Purgy
  7030 | Sewer    | Reached skill level 7 in Invocations
  7289 | D:6      | Found a burning altar of Makhleb.
  7890 | D:7      | Gained mutation: You are dopey. (Int -2) [mutagenic meat]
  7891 | D:7      | Gained mutation: Scrolls take you a little longer to read. [mutagenic meat]
  7892 | D:7      | Gained mutation: Your skin changes colour to match your surroundings (Stealth+). [mutagenic meat]
  7893 | D:7      | Gained mutation: Your skin blends seamlessly with your surroundings (Stealth++). [mutagenic meat]
  7894 | D:7      | Gained mutation: You are agile. (Dex +2) [mutagenic meat]
  7895 | D:7      | Gained mutation: Your skin perfectly mimics your surroundings (Stealth+++). [mutagenic meat]
  7928 | D:7      | Gained mutation: You are significantly more attuned to the shadows. [demonic ancestry]
  7928 | D:7      | Reached XP level 9. HP: 49/67 MP: 14/14
  8361 | D:7      | Noticed Prince Ribbit
  8370 | D:7      | Killed Prince Ribbit
  8489 | D:7      | Found a staircase to the Ecumenical Temple.
  8718 | D:7      | Gained mutation: You have a pair of small horns on your head. [potion of mutation]
  8719 | D:7      | HP: 3/67 [spatial distortion (2)]
  9929 | D:8      | Reached skill level 8 in Invocations
 10045 | D:8      | Reached skill level 5 in Fighting
 10463 | D:8      | Reached XP level 10. HP: 64/74 MP: 16/16
 10568 | D:8      | Noticed Psyche
 10572 | D:8      | Banished Psyche
 10924 | D:8      | Reached skill level 9 in Invocations
 11065 | D:9      | Reached ***** piety under Lugonu
 11632 | D:9      | Found a hide-covered altar of Uskayaw.
 11697 | D:9      | Reached skill level 5 in Shields
 12475 | D:9      | Reached skill level 10 in Invocations
 13337 | D:10     | Entered Level 10 of the Dungeon
 13337 | D:10     | Noticed a purple ugly thing
 13365 | D:10     | Killed a purple ugly thing
 13365 | D:10     | Gained mutation: When seriously injured, your bleeding wounds create armour. (AC +6) [demonic ancestry]
 13365 | D:10     | Reached XP level 11. HP: 57/81 MP: 18/18
 13496 | D:10     | Noticed Sonja
 13499 | D:10     | Banished Sonja
 13970 | D:10     | Noticed Millan's ghost (journeyman GrFi)
 14629 | D:10     | Lost mutation: You are agile. (Dex +2) [potion of mutation]
 14629 | D:10     | Gained mutation: You tend to lose your temper in combat. [potion of mutation]
 14629 | D:10     | Gained mutation: You are somewhat resistant to further mutation. [potion of mutation]
 14650 | D:10     | Killed Millan's ghost
 14934 | D:10     | Found a staircase to the Lair.
 15150 | D:10     | Found Tatat's Antique Weapon Boutique.
 15156 | D:10     | Bought a glowing war axe for 228 gold pieces
 15657 | Lair:1   | Entered Level 1 of the Lair of Beasts
 15722 | Lair:1   | Lost mutation: Scrolls take you a little longer to read. [potion of cure mutation]
 15722 | Lair:1   | Lost mutation: You are dopey. (Int -2) [potion of cure mutation]
 15722 | Lair:1   | Lost mutation: You have a pair of small horns on your head. [potion of cure mutation]
 15722 | Lair:1   | Lost mutation: You tend to lose your temper in combat. [potion of cure mutation]
 15722 | Lair:1   | Lost mutation: You are somewhat resistant to further mutation. [potion of cure mutation]
 15751 | Lair:1   | Gained mutation: You are agile. (Dex +2) [potion of beneficial mutation]
 15801 | Lair:1   | Found a labyrinth entrance.
 15845 | Lab      | Entered a labyrinth
 16552 | Lab      | Noticed a minotaur
 16568 | Lab      | Killed a minotaur
 16568 | Lab      | Reached skill level 11 in Invocations
 16583 | Lab      | Got a jewelled chain mail
 16852 | Lair:1   | Identified the cursed +0 chain mail of Garphymp {rElec rC- rN+ MR+} (You found it in a labyrinth)
 17264 | Lair:1   | Reached XP level 12. HP: 62/89 MP: 20/20
 18343 | Lair:2   | Found a staircase to the Shoals.
 18600 | Lair:2   | Reached skill level 12 in Invocations
 18760 | Lair:3   | Found a hole to the Spider Nest.
 19098 | Lair:3   | Reached skill level 10 in Armour
 19128 | Lair:3   | Reached ****** piety under Lugonu
 19637 | Lair:3   | Noticed a five-headed hydra
 19646 | Lair:3   | Killed a one-headed hydra
 20412 | Lair:4   | Noticed an eight-headed hydra
 20429 | Lair:4   | Killed a one-headed hydra
 20429 | Lair:4   | Reached skill level 10 in Axes
 20429 | Lair:4   | Reached XP level 13. HP: 54/97 MP: 22/22
 21980 | Lair:4   | Noticed Harold
 22001 | Lair:4   | Killed Harold
 23471 | Lair:5   | Reached skill level 13 in Invocations
 24557 | Lair:6   | Entered Level 6 of the Lair of Beasts
 24747 | Lair:6   | HP: 2/98 [spiny frog (9)]
 24749 | Lair:6   | Slain by a spiny frog

Skill      XL: |  1  2  3  4  5  6  7  8  9 10 11 12 13 |
---------------+----------------------------------------+-----
Armour         | 2 3 4 5 7 8 9 10 11 | 11.2
Invocations    | 3 4 5 6 7 8 10 11 12 13 | 13.4
Axes           | 2 3 4 5 6 7 8 10 | 10.8
Dodging        | 1 2 3 |  3.3
Fighting       | 4 5 6 7 8 |  8.1
Polearms       | 1 3 4 |  4.1
Shields        | 3 4 5 6 8 9 |  9.1
Throwing       | |  0.6

Action                   |  1- 3 |  4- 6 |  7- 9 | 10-12 | 13-15 || total
-------------------------+-------+-------+-------+-------+-------++-------
Melee: Hand axe          |   160 |   138 |   388 |   965 |   221 ||  1872
       Halberd           |       |    54 |       |       |       ||    54
       Kick              |       |       |    98 |       |       ||    98
       Trident           |       |       |   180 |    12 |       ||   192
       Headbutt          |       |       |    35 |   133 |       ||   168
       War axe           |       |       |       |    20 |    68 ||    88
Throw: Javelin           |       |       |     7 |    15 |     1 ||    23
Invok: Depart the Abyss  |     1 |       |       |       |       ||     1
       Banish            |       |       |     1 |     3 |       ||     4
       Bend Space        |       |       |     1 |     2 |       ||     3
  Use: Scroll            |     3 |     3 |    13 |    14 |     2 ||    35
       Potion            |       |     3 |     3 |    12 |       ||    18
 Stab: Sleeping          |       |       |     2 |    13 |       ||    15
       Distracted        |       |       |       |     2 |     2 ||     4
       Petrified         |       |       |       |       |     9 ||     9
       Petrifying        |       |       |       |       |     1 ||     1
  Eat: Chunk             |     2 |     9 |    16 |    20 |     8 ||    55
       Fruit             |       |       |     7 |     5 |     2 ||    14
       Bread ration      |       |       |     1 |     2 |     1 ||     4
       Pizza             |       |       |       |     1 |       ||     1
Armor: Plate armour      |   190 |   192 |   353 |    73 |       ||   808
       Chain mail        |       |       |       |   558 |   145 ||   703
Dodge: Dodged            |    36 |    50 |    60 |   329 |    70 ||   545
Block: Large shield      |       |       |   321 |   901 |   239 ||  1461
